 Dungeon Crawl Stone Soup version 0.30.1-11-g7821555f0a (webtiles) character file.

Game seed: 12812646743620886170

1989 Cheops the Spear-Bearer (level 9, -5/61 HPs)
             Began as a Merfolk Ice Elementalist on Nov 12, 2023.
             Killed from afar by an electric eel (9 damage)
             ... with a bolt of electricity
             ... on level 6 of the Dungeon.
             The game lasted 00:16:49 (7585 turns).

Cheops the Spear-Bearer (Merfolk Ice Elementalist)  Turns: 7585, Time: 00:16:50

Health: -5/61      AC:  8    Str:  8    XL:     9   Next: 21%
Magic:  4/4        EV: 16    Int: 18    God:
Gold:   233        SH:  0    Dex: 21    Spells: 3/14 levels left

rFire   . . .        b - +0 hand axe (antimagic)
rCold   . . .        (no shield)
rNeg    + . .        e - +0 robe
rPois   .            m - +2 helmet {SInv}
rElec   .            y - +1 cloak
rCorr   .            w - +0 pair of gloves
SInv    +            (boots currently unavailable)
Will    .....        (no amulet)
Stlth   +++          i - +6 ring of dexterity
HPRegen 0.30/turn    t - ring of positive energy
MPRegen 0.09/turn

%: no passive effects
@: very quick
A: nimble swimmer 2, mertail
a: no special abilities


You were on level 6 of the Dungeon.
You visited 1 branch of the dungeon, and saw 6 of its levels.

You collected 354 gold pieces.
You spent 121 gold pieces at shops.

Inventory:

Hand Weapons
 a - a +0 spear
 b - a +0 antimagic hand axe (weapon)
 k - a +0 dagger of protection
 r - a +0 halberd
 s - a +2 dagger of venom
Armour
 e - a +0 robe (worn)
 m - a +2 helmet of see invisible (worn)
 n - a +0 ring mail of fire resistance
 w - a +0 pair of gloves (worn)
 y - a +1 cloak (worn)
Magical Staves
 C - a staff of poison
Jewellery
 i - a +6 ring of dexterity (left hand)
 t - a ring of positive energy (right hand)
Wands
 x - a wand of flame (7)
 E - a wand of mindburst (10)
Scrolls
 d - a scroll of noise {unknown}
 f - a scroll of immolation {unknown}
 h - 3 scrolls of teleportation {unknown}
 l - 3 scrolls of magic mapping {unknown}
 o - a scroll of fear {unknown}
 p - a scroll of identify
 z - a scroll of butterflies {unknown}
 A - a scroll of poison {unknown}
 B - a scroll of vulnerability
 G - a scroll of torment
Potions
 c - 4 potions of curing
 g - 2 potions of magic
 j - 2 potions of heal wounds {unknown}
 q - a potion of brilliance {unknown}
 u - 2 potions of mutation {unknown}
 v - a potion of invisibility {unknown}
 F - a potion of flight


   Skills:
 - Level 2.3 Fighting
 - Level 12.0 Polearms
 - Level 2.6 Dodging
 - Level 2.1 Stealth
 - Level 3.0 Spellcasting
 + Level 7.7 Ice Magic
 - Level 2.2 Evocations


You had 3 spell levels left.
You knew the following spells:

 Your Spells              Type           Power      Damage    Failure   Level
a - Freeze                Ice            100%       1d10      1%          1
r - Frozen Ramparts       Ice            60%        1d10      1%          3
A - Ozocubu's Armour      Ice            30%        N/A       1%          3
I - Summon Ice Beast      Ice/Summ       16%        N/A       32%         4

Your spell library contained the following spells:

 Spells                   Type           Power      Damage    Failure   Level
 Blink                    Tloc           4%         N/A       24%         2
 Lesser Beckoning         Tloc           4%         N/A       24%         2
 Momentum Strike          Conj/Tloc      4%         3d8       24%         2
 Volatile Blastmotes      Fire/Tloc      4%         2d10      43%         3
 Fulminant Prism          Conj/Hex       1%         3d5       85%         4
 Iskenderun's Mystic Bla  Conj/Tloc      2%         2d3       85%         4
 Lee's Rapid Deconstruct  Erth           1%         3d4*      99%         5


Dungeon Overview and Level Annotations

Branches:
Dungeon (6/15)
 Temple: D:4-7

Altars:
Ru
Vehumet
Wu Jian
The Shining One

Shops:
D:3 (

Annotations:
D:6 3 runed translucent doors, KittyFluff's ghost, novice GrBe; diecastcamel's ghost, novice DsBe; eurytides's ghost, novice MiFi


Innate Abilities, Weirdness & Mutations

You are very nimble when in or above water. (Stealth+, EV+, Speed+++)
Your lower body shifts to a powerful aquatic tail in water.


Message History

You kill the ice beast!
You swing at nothing.
You swing at nothing.
Magic restored.
Your icy armour starts to melt.
Your icy armour evaporates.
Key pressed, stopping explore.
The hound barks!
The hound pauses to sniff the ground.
You open the door.
An electric eel is nearby!
An electric eel is nearby!
An electric eel is nearby!
An electric eel is nearby!
An electric eel is nearby!
An electric eel is nearby!
An electric eel is nearby!
There is an open door here.
The electric eel shoots out a bolt of lightning at you!
The bolt of electricity hits you!
You closely miss the electric eel.
The electric eel shoots out a bolt of lightning at you!
The bolt of electricity hits you! x2
* * * LOW HITPOINT WARNING * * *
The bolt of electricity hits the electric eel.
The electric eel completely resists.
Your legs become a tail as you enter the water.
You barely miss the electric eel.
The electric eel shoots out a bolt of lightning at you!
The bolt of electricity hits you!
* * * LOW HITPOINT WARNING * * *
The bolt of electricity hits you!
* * * LOW HITPOINT WARNING * * *
The bolt of electricity hits the electric eel.
The electric eel completely resists.
You hit the electric eel.
The electric eel is lightly wounded.
The electric eel shoots out a bolt of lightning at you!
The bolt of electricity hits you!
You die...

##...#......###..#.#.######
#...##......#.....#..#.###
###'###.....#.##.....#..(.
#≈≈.≈≈#.#...#.#........###
#≈...≈#####...).........##
#≈...≈# #.....#.........
#≈...≈# #.....#.........
######≈♣.♣≈######.........#####
#≈≈≈≈≈≈♣.♣≈≈≈S@≈#.##......#)($#
#≈...♣♣♣.♣♣♣...≈####......#$!$#
+.........).....'.##......#h!?#
#≈...♣♣♣.♣♣♣...≈#.........#####
#≈≈≈≈≈≈♣.♣≈≈≈≈≈≈#..............
######≈♣.♣≈######...#..........
#≈...≈# #....#.#..........
#≈...≈# ###.#######...#...
#≈...≈#####.# #.#......


You could see an electric eel.

Vanquished Creatures
  Pikel (D:5)
  A hornet (D:6)
  Edmund (D:4)
  Menkaure (D:5)
  Duvessa (D:5)
  An ice beast (D:6)
  A black bear (D:5)
  An ogre (D:3)
  3 lemures (D:5)
  2 phantoms (D:6)
  A bullfrog (D:6)
  Dowan (D:5)
  A howler monkey (D:5)
  An electric eel (D:6)
  3 hounds
  3 iguanas
  2 orc wizards (D:5)
  Robin (D:2)
  3 gnolls (D:3)
  5 adders
  2 worms
  2 dart slugs
  10 orcs
  7 endoplasms
  3 giant cockroaches (D:1)
  20 goblins
  7 hobgoblins
  2 quokkas
  10 ball pythons
  8 bats
  3 frilled lizards
  5 kobolds
  A rat (D:1)
114 creatures vanquished.

Notes
Turn   | Place    | Note
-------+----------+-------------------------------------------
     0 | D:1      | Cheops the Merfolk Ice Elementalist began the quest for the
                  | Orb.
     0 | D:1      | Reached XP level 1. HP: 13/13 MP: 3/3
   289 | D:1      | Reached XP level 2. HP: 19/19 MP: 1/5
   905 | D:1      | Reached XP level 3. HP: 21/24 MP: 0/7
   909 | D:1      | Learned a level 3 spell: Frozen Ramparts
   913 | D:1      | Learned a level 3 spell: Ozocubu's Armour
  1406 | D:2      | Found a sacrificial altar of Ru.
  1655 | D:2      | Reached skill level 5 in Ice Magic
  1854 | D:2      | Reached XP level 4. HP: 30/30 MP: 2/8
  1983 | D:2      | Noticed Robin
  2000 | D:2      | Killed Robin
  2002 | D:2      | HP: 2/45 [poisoned by Robin]
  2508 | D:3      | Found Akloote's Weapon Boutique.
  2515 | D:3      | Noticed an ogre
  2548 | D:3      | Killed an ogre
  2549 | D:3      | Reached XP level 5. HP: 35/35 MP: 2/9
  2856 | D:3      | Found a faded altar of an unknown god.
  2856 | D:3      | Found a radiant altar of Vehumet.
  2881 | D:3      | Found an ornate altar of the Wu Jian Council.
  2883 | D:3      | Found a faded altar of an unknown god.
  2885 | D:3      | Found a glowing golden altar of the Shining One.
  3152 | D:3      | Found a faded altar of an unknown god.
  3394 | D:3      | You fall into a shaft and drop 3 floors!
  3430 | D:6      | Noticed a phantom
  3448 | D:6      | Killed a phantom
  3449 | D:6      | Reached skill level 3 in Polearms
  3449 | D:6      | Reached XP level 6. HP: 41/41 MP: 10/10
  3453 | D:6      | Reached skill level 4 in Polearms
  3629 | D:6      | Noticed a hornet
  3639 | D:6      | Killed a hornet
  3640 | D:6      | Reached skill level 6 in Polearms
  3640 | D:6      | Reached XP level 7. HP: 34/46 MP: 5/11
  4168 | D:5      | Entered Level 5 of the Dungeon
  4181 | D:4      | Reached skill level 7 in Polearms
  4599 | D:4      | Noticed Edmund
  4616 | D:4      | Killed Edmund
  4617 | D:4      | Reached skill level 8 in Polearms
  5031 | D:3      | Bought a +0 antimagic hand axe for 121 gold pieces
  5120 | D:5      | Reached skill level 9 in Polearms
  5120 | D:5      | Reached XP level 8. HP: 52/52 MP: 2/12
  5240 | D:5      | Noticed Menkaure
  5420 | D:5      | Killed Menkaure
  5695 | D:5      | Noticed Pikel
  5706 | D:5      | Killed Pikel
  5707 | D:5      | Reached skill level 11 in Polearms
  6141 | D:5      | Noticed Duvessa
  6164 | D:5      | Noticed Dowan
  6328 | D:5      | Killed Dowan
  6329 | D:5      | Reached XP level 9. HP: 47/57 MP: 7/13
  6638 | D:5      | Killed Duvessa
  6639 | D:5      | Reached skill level 12 in Polearms
  7082 | D:5      | Learned a level 4 spell: Summon Ice Beast
  7155 | D:6      | Found a runed translucent gate.
  7156 | D:6      | Found a runed translucent gate.
  7157 | D:6      | Found a runed translucent gate.
  7158 | D:6      | Noticed eurytides's ghost (novice MiFi)
  7174 | D:6      | Noticed KittyFluff's ghost (novice GrBe)
  7174 | D:6      | Noticed KittyFluff's ghost (novice GrBe)
  7175 | D:6      | Noticed diecastcamel's ghost (novice DsBe)
  7585 | D:6      | Killed from afar by an electric eel

Illustrated notes

Levels and vault maps discovered:
D:1:      minmay_arrival_split_and_join, layout_basic
D:2:      layout_rooms, basic_altar, minmay_pentomino_t4, uniq_robin
D:3:      layout_basic, chequers_temple_overflow_minitemple,
          hellmonk_ecumenical_altar_zigzags, serial_shops, shop,
          chequers_serial_rivers_small_b, minmay_door_square
D:4:      layout_cave_pools, uniq_edmund
D:5:      layout_rooms, serial_aquarium, aquarium_bridge_square
          [aquarium_subvault_bridge, aquarium_subvault_bridge,
          aquarium_subvault_bridge, aquarium_subvault_wall], aquarium_window_1,
          aquarium_window_corridor_1, aquarium_window_2, aquarium_window_2,
          aquarium_view_2a, due_unseen_surprise, uniq_pikel, uniq_menkaure,
          uniq_duvessa
D:6:      layout_cave_pools, gammafunk_ghost_cemetery, kennysheep_minor_cross,
          nicolae_lava_and_water, due_unseen_surprise

Skill      XL: |  1  2  3  4  5  6  7  8  9 |
---------------+----------------------------+-----
Spellcasting   | 3 |  3.0
Ice Magic      | 5 6 7 |  7.7
Polearms       | 3 6 9 11 12 | 12.0
Evocations     | 2 |  2.2
Fighting       | 2 |  2.3
Dodging        | |  2.6
Stealth        | |  2.1

Action                     |  1- 3 |  4- 6 |  7- 9 || total
---------------------------+-------+-------+-------++-------
  Melee: Unarmed           |     6 |       |       ||     6
         Dagger            |     2 |    12 |     3 ||    17
         Spear             |       |       |    49 ||    49
         Punch             |       |       |     2 ||     2
         Hand axe          |       |       |    26 ||    26
         Halberd           |       |       |     7 ||     7
   Cast: Freeze            |    59 |    54 |    51 ||   164
         Frozen Ramparts   |     1 |     6 |    13 ||    20
         Ozocubu's Armour  |       |       |     8 ||     8
  Evoke: Wand              |       |     3 |    18 ||    21
    Use: Potion            |       |     2 |     1 ||     3
         Scroll            |       |       |     6 ||     6
   Stab: Paralysed         |       |     3 |     3 ||     6
         Distracted        |       |       |     2 ||     2
         Sleeping          |       |       |     1 ||     1
 Armour: Robe              |    12 |    11 |    47 ||    70
  Dodge: Dodged            |    35 |    47 |    62 ||   144
